 Dungeon Crawl Stone Soup version 0.29-a0-317-gd16b76e6b1 (webtiles) character file.

Game seed: 15314784303987470860

1421 Dabor the Changer (level 8, 0/88 (90) HPs)
             Began as a Demonspawn Transmuter on Mar 31, 2022.
             Was a Believer of Qazlal.
             Slain by an unseen horror (6 damage)
             ... on level 6 of the Dungeon.
             The game lasted 00:12:41 (7413 turns).

Dabor the Changer (Demonspawn Transmuter)           Turns: 7413, Time: 00:12:41

HP:   0/88 (90)     AC: 24    Str: 18    XL:     8   Next: 44%
MP:   17/23         EV:  2    Int: 20    God:    Qazlal [**....]
Gold: 79            SH:  3    Dex: 16    Spells: 9/15 levels left

rFire   + . .      SeeInvis .   x - +4 flail of Taxation {elec, Fragile rF+ Str+7}
rCold   . . .      Faith    .   (no shield)
rNeg    . . .      Spirit   .   (body armour currently unavailable)
rPois   +          Reflect  .   (helmet currently unavailable)
rElec   .          Harm     .   (cloak currently unavailable)
rCorr   .          Rampage  .   (gloves currently unavailable)
Will    +....      NoTele   +   (boots currently unavailable)
Stlth   +.........              (no amulet)
HPRegen 0.24/turn               t - +6 ring of intelligence
MPRegen 0.18/turn               h - ring of magical power

@: mighty, tree-form, attractive, hasted, lightly drained, unable to read, very
quick
A: stationary, stasis, torment immunity, boosted hp, (claws 1), (horns 1),
powered by pain 2, (beak), strong-willed 1, subdued magic 1, inability to read
while threatened
a: Renounce Religion, Upheaval


You were on level 6 of the Dungeon.
You worshipped Qazlal.
Qazlal was pleased with you.
You were a tree.
You visited 1 branch of the dungeon, and saw 6 of its levels.

You collected 274 gold pieces.
You spent 195 gold pieces at shops.

Inventory:

Hand Weapons
 d - a +5 glaive of venom
 i - a +3 dagger of protection
 x - the +4 flail of Taxation (weapon) {elec, Fragile rF+ Str+7}
   (You bought it in a shop on level 2 of the Dungeon)

   It occasionally discharges a powerful burst of electricity upon striking a
   foe.
   Str:       It affects your strength (+7).
   rF:        It protects you from fire.
   Fragile:   It will be destroyed if unequipped.
Missiles
 y - 6 poisoned darts (quivered)
Armour
 a - a +0 robe
 b - a +1 ring mail of poison resistance (melded)
 c - a +0 cloak (melded)
 g - a +0 pair of gloves (melded)
Jewellery
 h - a ring of magical power (right branch)
 p - a ring of positive energy
 t - a +6 ring of intelligence (left branch)
Wands
 n - a wand of polymorph (7)
Scrolls
 f - 4 scrolls of teleportation {unknown}
 j - a scroll of fog
 l - a scroll of immolation
 m - a scroll of blinking
 o - a scroll of magic mapping
 r - a scroll of vulnerability
 w - 2 scrolls of identify
Potions
 e - 3 potions of might
 k - a potion of mutation


   Skills:
 + Level 4.0 Fighting
 - Level 2.0 Throwing
 - Level 3.0 Armour
 + Level 3.9 Dodging
 - Level 3.6 Unarmed Combat
 + Level 4.0 Spellcasting
 + Level 4.1 Transmutations
 + Level 2.3 Poison Magic
 + Level 3.8 Invocations


You had 9 spell levels left.
You knew the following spells:

 Your Spells              Type           Power      Damage    Failure   Level
a - Beastly Appendage     Tmut           30%        N/A       1%          1
b - Wereblood             Tmut           15%        N/A       2%          2
c - Spider Form           Tmut/Pois      13%        N/A       8%          3

Your spell library contained the following spells:

 Spells                   Type           Power      Damage    Failure   Level
 Ignite Poison            Fire/Tmut/Pois 9%         N/A       13%         3
 Static Discharge         Conj/Air       3%         N/A       16%         2
 Conjure Flame            Conj/Fire      3%         6-21      32%         3
 Frozen Ramparts          Ice            6%         1d2       32%         3
 Ice Form                 Ice/Tmut       9%         N/A       43%         4
 Dispel Undead            Necr           3%         3d7       73%         4
 Leda's Liquefaction      Hex/Erth       1%         N/A       73%         4
 Sticky Flame             Conj/Fire      3%         2d3       73%         4
 Summon Ice Beast         Ice/Summ       3%         N/A       73%         4
 Fireball                 Conj/Fire      1%         3d3       97%         5
 Iskenderun's Battlesphe  Conj           3%         2d6       97%         5
 Lee's Rapid Deconstruct  Erth           1%         3d5*      97%         5
 Conjure Ball Lightning   Conj/Air       1%         3x3d6     100%        6
 Statue Form              Tmut/Erth      6%         N/A       100%        6
 Orb of Destruction       Conj           1%         9d5       100%        7


Dungeon Overview and Level Annotations

Branches:
Dungeon (6/15)             Temple (0/1) D:5

Altars:
Elyvilon
Nemelex Xobeh
Qazlal

Shops:
D:2 (


Innate Abilities, Weirdness & Mutations

You are a tree.
Your roots penetrate the ground, keeping you stationary.
You cannot be teleported.
You are immune to unholy pain and torment.
Your maximum health is greatly increased.
Your equipment is partially melded.
((You have sharp fingernails.))
((You have a pair of small horns on your head.))
You sometimes gain power by taking damage.
((You have a beak for a mouth.))
You are strong-willed. (Will+)
Your spells are a little easier to cast, but a little less powerful.
You sometimes lose the ability to read scrolls when taking damage.


Message History

Unknown command.
Aiming: Upheaval
Press: ? - help, Dir - move target That beam is likely to hit you.
Continue anyway?
Okay, then.
Unknown command.
Aiming: Upheaval
Press: ? - help, Dir - move target The ground shakes violently, spewing rubble!
You hear a croak.
Something hits you but does no damage. Something is attracted toward you.
You cannot move.
You cannot move.
You cannot move.
You cannot move.
You miss something. Your punch misses something.
Something hits you but does no damage. Something is attracted toward you.
You cannot move.
You cannot move.
You cannot move.
You cannot move.
You cannot move.
You cannot move.
You cannot move.
You cannot move.
You cannot move.
You swing at nothing.
You hear a loud, deep croak!
Something hits you but does no damage.
You thump something! Something hits you but does no damage.
A bullfrog comes into view.
Something is attracted toward you. The bullfrog is attracted toward you.
Throw: 7 darts (poison)
Press: ? - help, Q - select action, (/) - cycle Shift-Dir - straight line, f - bullfrog
Aim: a bullfrog (wandering, hasn't noticed you, 56% to hit)
You throw a poisoned dart.
The poisoned dart completely misses the bullfrog.
The bullfrog croaks.
Something hits you but does no damage. Something hits you.
You die...

#............#
+.....>......#
#............#
#............#
#............#
#...##......##
#...########.#
#....#.......#
#..♣.#.......#
#§.F.#.......#
#....#.......#
###'####....########
#..####.####....##.....#
#.....§.................
#.......................
#......(...........>....
#.......................


You could see a bullfrog.

Vanquished Creatures
  A shadow (D:5)
  Duvessa (D:5)
  2 sky beasts (D:5)
  An ogre (D:5)
  A phantom (D:3)
  Blork the orc (D:5)
  A necrophage (D:4)
  A scorpion (D:4)
  Dowan (D:5)
  2 orc priests
  Crazy Yiuf (D:5)
  A hound (D:5)
  2 jellies (D:4)
  A gnoll shaman (D:5)
  3 iguanas (D:5)
  13 gnolls
  7 adders
  2 worms
  2 dart slugs
  10 orcs
  9 ball pythons
  3 bats
  3 endoplasms
  3 giant cockroaches
  9 goblins
  4 hobgoblins
  10 jackals
  4 kobolds
  2 quokkas
  7 frilled lizards
  A rat (D:2)
109 creatures vanquished.

Vanquished Creatures (collateral kills)
  A hound (D:4)
1 creature vanquished.

Vanquished Creatures (others)
  A butterfly (D:5)
  7 plants (D:5)
8 creatures vanquished.

Grand Total: 118 creatures vanquished

Notes
Turn   | Place    | Note
-------+----------+-------------------------------------------
     0 | D:1      | Dabor the Demonspawn Transmuter began the quest for the
                  | Orb.
     0 | D:1      | Reached XP level 1. HP: 15/15 MP: 3/3
   202 | D:1      | Discovered your monstrous ancestry.
   202 | D:1      | Gained mutation: You have sharp fingernails. [demonic
                  | ancestry]
   202 | D:1      | Reached XP level 2. HP: 7/21 MP: 5/5
   523 | D:1      | Learned a level 2 spell: Wereblood
  1742 | D:2      | Reached XP level 3. HP: 24/26 MP: 4/6
  1753 | D:2      | Gained mutation: Your spells are a little easier to cast,
                  | but a little less powerful. [potion of mutation]
  1753 | D:2      | Gained mutation: You have a beak for a mouth. [potion of
                  | mutation]
  1753 | D:2      | Gained mutation: You sometimes lose the ability to read
                  | scrolls when taking damage. [potion of mutation]
  1753 | D:2      | Gained mutation: You are strong-willed. (Will+) [potion of
                  | mutation]
  1753 | D:2      | HP: 1/26 [poisoned by an adder]
  2095 | D:2      | Found a faded altar of an unknown god.
  2155 | D:2      | Prayed at the altar of an unknown god.
  2155 | D:2      | Became a worshipper of Qazlal Stormbringer
  2155 | D:2      | Reached * piety under Qazlal
  2328 | D:2      | Found Viaplaewn's Antique Weapon Boutique.
  2406 | D:2      | Reached skill level 1 in Throwing
  2861 | D:3      | Reached XP level 4. HP: 25/32 MP: 7/7
  3138 | D:3      | Noticed a phantom
  3180 | D:3      | Killed a phantom
  3181 | D:3      | Reached skill level 1 in Armour
  3181 | D:3      | Mutation became permanent: You have a pair of small horns
                  | on your head. [demonic ancestry]
  3181 | D:3      | Gained mutation: You have a pair of horns on your head.
                  | [demonic ancestry]
  3181 | D:3      | Reached XP level 5. HP: 22/38 MP: 6/9
  4298 | D:4      | Reached ** piety under Qazlal
  4326 | D:4      | Gained mutation: You sometimes gain a little power by
                  | taking damage. [demonic ancestry]
  4326 | D:4      | Reached XP level 6. HP: 23/46 MP: 10/10
  4573 | D:4      | Found a sparkling altar of Nemelex Xobeh.
  4651 | D:4      | Reached skill level 1 in Invocations
  4687 | D:4      | Reached XP level 7. HP: 40/52 MP: 11/11
  4830 | D:4      | Learned a level 3 spell: Spider Form
  5083 | D:2      | Bought a masterwork flail for 195 gold pieces
  5083 | D:2      | Identified the +4 flail of Taxation {elec, Fragile rF+
                  | Str+7} (You bought it in a shop on level 2 of the Dungeon)
  5208 | D:5      | Entered Level 5 of the Dungeon
  5331 | D:5      | Found a staircase to the Ecumenical Temple.
  5343 | D:5      | Noticed a shadow
  5355 | D:5      | Killed a shadow
  5356 | D:5      | Reached skill level 1 in Poison Magic
  5856 | D:5      | Noticed Dowan
  5857 | D:5      | Noticed Duvessa
  5868 | D:5      | Killed Duvessa
  5881 | D:5      | Killed Dowan
  5882 | D:5      | Gained mutation: You sometimes gain power by taking damage.
                  | [demonic ancestry]
  5882 | D:5      | Reached XP level 8. HP: 34/59 MP: 13/13
  6358 | D:5      | Reached *** piety under Qazlal
  6385 | D:5      | Noticed Blork the orc
  6396 | D:5      | Killed Blork the orc
  6973 | D:5      | Found a runed translucent door.
  6974 | D:5      | Noticed Crazy Yiuf
  7112 | D:5      | Killed Crazy Yiuf
  7413 | D:6      | Slain by an unseen horror

Illustrated notes

Levels and vault maps discovered:
D:1:      minmay_arrival_widening_spiral_wide, layout_basic,
          chequers_serial_rivers_room_b, serial_park_tiny_1,
          serial_bayou_lagoon_a
D:2:      layout_loops_ring, shapermc_ecumenical_altar_starsandcircs,
          serial_shops, nicolae_lakefront_shop
D:3:      layout_loops_ring
D:4:      layout_rooms, nemelex_spade_bored_becter
D:5:      layout_loops_cross, nicolae_elyvilon_peaceful_grove,
          minmay_temple_entry_wispy, minmay_lizard_king, uniq_blork_the_orc,
          uniq_duvessa, uniq_crazy_yiuf_cottage
D:6:      minmay_octagon_keep, layout_gridville, marbit_many_paths,
          lightli_orcish_oven

Skill      XL: |  1  2  3  4  5  6  7  8 |
---------------+-------------------------+-----
Transmutations | 2 3 4 |  4.1
Dodging        | 2 3 |  3.9
Unarmed Combat | 3 |  3.6
Throwing       | 1 2 |  2.0
Fighting       | 2 3 4 |  4.0
Armour         | 1 2 3 |  3.0
Spellcasting   | 3 4 |  4.0
Invocations    | 1 3 |  3.8
Poison Magic   | 1 2 |  2.3

Action                   |  1- 3 |  4- 6 |  7- 9 || total
-------------------------+-------+-------+-------++-------
Melee: Unarmed           |    36 |       |    10 ||    46
       Headbutt          |     8 |    26 |    13 ||    47
       Kick              |     5 |    15 |    10 ||    30
       Punch             |     3 |     4 |     3 ||    10
       Dagger            |    80 |   145 |    11 ||   236
       Peck              |     5 |    26 |    15 ||    46
       Flail             |       |       |    81 ||    81
Throw: Dart              |    17 |     6 |    15 ||    38
 Cast: Beastly Appendage |     9 |     5 |     8 ||    22
       Wereblood         |     1 |     4 |     7 ||    12
       Spider Form       |       |       |     1 ||     1
Invok: Upheaval          |       |       |     2 ||     2
  Use: Potion            |     4 |     1 |     6 ||    11
       Scroll            |       |     7 |       ||     7
Armor: Skin              |     5 |       |     7 ||    12
       Robe              |    30 |       |       ||    30
       Ring mail         |    10 |    54 |    46 ||   110
Dodge: Dodged            |    58 |    50 |    53 ||   161
Block: Other             |       |     8 |    16 ||    24

Table legend: (Time is in decaauts)
 A = Elapsed time spent in this place.
 B = Non-inter-level travel time spent in this place.
 C = Inter-level travel time spent in this place.
 D = Time resting spent in this place.
 E = Time spent auto-exploring this place.
 F = Levels seen in this place.
 G = Mean time per level.
                   A        B        C        D        E       F      G
               +--------+--------+--------+--------+--------+-----+--------+
         Total |   7463 |   6858 |    605 |   2206 |   3616 |   6 | 1243.8 |
       Dungeon |   7463 |   6858 |    605 |   2206 |   3616 |   6 | 1243.8 |
               +--------+--------+--------+--------+--------+-----+--------+

Top non-repeatable levels by time:
     D:5: 2168 daAuts
     D:1: 1724 daAuts
     D:2: 1476 daAuts
     D:3: 1296 daAuts
     D:4: 722 daAuts
     D:6: 75 daAuts
